 Dungeon Crawl Stone Soup version 0.30-a0-802-gb92711bcdf (webtiles) character file.

Game seed: 3550218720893374689

151 Ghostmaker01 the Chopper (level 5, -2/47 HPs)
             Began as a Minotaur Fighter on Feb 23, 2023.
             Succumbed to Blork the orc's poison
             ... on level 4 of the Dungeon.
             The game lasted 00:04:31 (2951 turns).

Ghostmaker01 the Chopper (Minotaur Fighter)         Turns: 2951, Time: 00:04:31

Health: -2/47      AC: 10    Str: 22    XL:     5   Next: 11%
Magic:  4/4        EV:  7    Int: 11    God:
Gold:   105        SH:  4    Dex: 10    Spells: 4/4 levels left

rFire   . . .      SeeInvis .    a - +0 war axe
rCold   . . .      Faith    .    c - +0 buckler
rNeg    . . .      Spirit   .    v - +0 chain mail
rPois   .          Reflect  .    (helmet restricted)
rElec   .          Harm     .    (no cloak)
rCorr   .          Rampage  .    p - +0 pair of gloves
Will    .....                    (no boots) Stlth
                                 (no amulet)
HPRegen 0.27/turn                q - +6 ring of intelligence
MPRegen 0.09/turn                (no ring)

@: lethally poisoned (-2 -> -34)
A: horns 2, retaliatory headbutt
a: no special abilities


You were on level 4 of the Dungeon.
You visited 1 branch of the dungeon, and saw 4 of its levels.

You collected 105 gold pieces.

Inventory:

Hand Weapons
 a - a +0 war axe (weapon)
Armour
 c - a +0 buckler (worn)
 h - a scarf of shadows
 p - a +0 pair of gloves (worn)
 v - a +0 chain mail (worn)
Magical Staves
 s - a staff of death
Jewellery
 q - a +6 ring of intelligence (left hand)
Scrolls
 e - 2 scrolls of teleportation {unknown}
 f - a scroll of amnesia {unknown}
 i - a scroll of magic mapping {unknown}
 o - 2 scrolls of identify {unknown}
 r - a scroll of fear {unknown}
 t - a scroll of torment {unknown}
Potions
 b - a potion of curing {unknown}
 d - a potion of might
 g - 2 potions of flight {unknown}
 j - a potion of invisibility {unknown}
 k - a potion of ambrosia {unknown}
 l - a potion of mutation {unknown}
 m - a potion of attraction {unknown}
 n - a potion of heal wounds {unknown}


   Skills:
 * Level 4.3 Fighting
 * Level 5.0 Axes
 * Level 4.7 Armour
 + Level 3.9 Shields


You had 4 spell levels left.
You didn't know any spells.
Your spell library contained the following spells:

 Spells                   Type           Power      Damage    Failure   Level
 Shock                    Conj/Air       0%         1d3       98%         1
 Swiftness                Air            0%         N/A       100%        3
 Airstrike                Air            0%         2d(0-16)  100%        4


Dungeon Overview and Level Annotations

Branches:
Dungeon (4/15)
 Temple: D:4-7

Altars:
Kikubaaqudgha

Annotations:
D:4 Blork the orc


Innate Abilities, Weirdness & Mutations

You have a pair of horns on your head.
You reflexively headbutt those who attack you in melee.


Message History

Blork the orc hits you from afar with a +1 trident of venom.
You are poisoned.
Throw: 2 javelins
Press: ? - help, Q - select action Shift-Dir - straight line, f - Blork the orc
Aim: Blork the orc, wielding a +1 trident of venom and wearing a +0 robe (61% to hit)
You throw a javelin.
The javelin pierces through Blork the orc but does no damage.
You feel very sick.
Blork the orc hits you from afar with a +1 trident of venom.
You are more poisoned.
Blork the orc closely misses you.
Throw: javelin
Press: ? - help, Q - select action Shift-Dir - straight line, f/p - Blork the orc
Aim: Blork the orc, wielding a +1 trident of venom and wearing a +0 robe (61% to hit)
You throw a javelin.
The javelin closely misses Blork the orc.
You feel very sick. Blork the orc closely misses you.
Unknown command.
You feel very sick.
Blork the orc hits you with a +1 trident of venom.
You are more poisoned.
You slash Blork the orc!
Blork the orc is moderately wounded.
You feel very sick.
Blork the orc hits you with a +1 trident of venom.
* * * LOW HITPOINT WARNING * * *
You are lethally poisoned!
Blork the orc hits you but does no damage.
You are more poisoned.
You barely miss Blork the orc. Your headbutt misses Blork the orc.
Blork the orc is moderately wounded.
* * * LOW HITPOINT WARNING * * *
You feel extremely sick. Blork the orc barely misses you.
Blork the orc attacks as you move away!
Blork the orc hits you with a +1 trident of venom.
* * * LOW HITPOINT WARNING * * *
You are more poisoned.
You die...

#........)........ ..
...............##. ##.
##..........#†....
#..##........##.#....#
#.....#..##...#.....##
#.....#..#..........##
##....##.....#.......#
####.....##.....##...[†..
.(....o.@.>....###.......
########........#........
##.......#....#...
##...##.###<..#.##
##....#...##.......
#.....##.##.......#
#...########....#.#
#...## ##.##### #....#
###


You could see Blork the orc.

Vanquished Creatures
  An iguana (D:4)
  7 adders
  2 worms
  2 dart slugs
  3 orcs (D:3)
  5 ball pythons
  8 bats
  6 endoplasms
  2 giant cockroaches (D:3)
  6 goblins
  3 hobgoblins
  5 kobolds
  2 frilled lizards
  3 rats
55 creatures vanquished.

Notes
Turn   | Place    | Note
-------+----------+-------------------------------------------
     0 | D:1      | Ghostmaker01 the Minotaur Fighter began the quest for the
                  | Orb.
     0 | D:1      | Reached XP level 1. HP: 19/19 MP: 0/0
   240 | D:1      | Reached XP level 2. HP: 26/27 MP: 1/1
  1135 | D:2      | Reached skill level 3 in Axes
  1187 | D:2      | Reached XP level 3. HP: 33/33 MP: 2/2
  1814 | D:3      | Found a faded altar of an unknown god.
  1918 | D:3      | Reached skill level 4 in Axes
  1918 | D:3      | Reached XP level 4. HP: 37/40 MP: 3/3
  2117 | D:3      | Found an ancient bone altar of Kikubaaqudgha.
  2765 | D:4      | Reached XP level 5. HP: 16/46 MP: 4/4
  2886 | D:4      | Reached skill level 5 in Axes
  2942 | D:4      | Noticed Blork the orc
  2951 | D:4      | Succumbed to Blork the orc's poison

Illustrated notes

Levels and vault maps discovered:
D:1:      dpeg_arrival_round_b, layout_basic
D:2:      layout_basic, hangedman_decor_diamond_cutter
D:3:      layout_loops_ring, mainiacjoe_overflow_small_starburst,
          dreamdust_ecumenical_altar_grove, chequers_arboretum, minivault_5,
          chequers_serial_rivers_micro_c, grunt_ministairs_11, st_stairs_2,
          chequers_serial_rivers_small_b, amcnicky_mini_corridor_feature,
          minmay_misc_feat_room
D:4:      layout_cave_pools, grunt_temple_overflow_open,
          minmay_temple_entry_poolview, uniq_sigmund, uniq_blork_the_orc

Skill      XL: |  1  2  3  4  5 |
---------------+----------------+-----
Armour         | 4 |  4.7
Axes           | 3 4 5 |  5.0
Fighting       | 4 |  4.3
Shields        | |  3.9

Action                     |  1- 3 |  4- 6 || total
---------------------------+-------+-------++-------
  Melee: War axe           |    73 |    58 ||   131
         Headbutt          |     7 |     4 ||    11
  Throw: Javelin           |       |     3 ||     3
 Armour: Scale mail        |    37 |    16 ||    53
         Chain mail        |       |     8 ||     8
  Dodge: Dodged            |    26 |    28 ||    54
  Block: Buckler           |    14 |    13 ||    27

Table legend: (Time is in decaauts)
 A = Elapsed time spent in this place.
 B = Non-inter-level travel time spent in this place.
 C = Inter-level travel time spent in this place.
 D = Time resting spent in this place.
 E = Time spent auto-exploring this place.
 F = Levels seen in this place.
 G = Mean time per level.
                   A        B        C        D        E       F      G
               +--------+--------+--------+--------+--------+-----+--------+
         Total |   3002 |   2795 |    207 |    103 |   2254 |   4 |  750.5 |
       Dungeon |   3002 |   2795 |    207 |    103 |   2254 |   4 |  750.5 |
               +--------+--------+--------+--------+--------+-----+--------+

Top non-repeatable levels by time:
     D:1: 988 daAuts
     D:3: 954 daAuts
     D:2: 845 daAuts
     D:4: 213 daAuts
